 Dungeon Crawl Stone Soup version 0.27-a0-124-g19cb506db8 (webtiles) character file.

Game seed: 7982397607413719875

401 tsouns the Firebug (level 6, -3/42 HPs)
             Began as an Octopode Fire Elementalist on Jan 25, 2021.
             Was an Initiate of Ashenzari.
             Slain by a howler monkey (6 damage)
             ... on level 4 of the Dungeon.
             The game lasted 00:08:49 (4914 turns).

tsouns the Firebug (Octopode Fire Elementalist)     Turns: 4914, Time: 00:08:49

Health: -3/42      AC:  1    Str:  8    XL:     6   Next: 85%
Magic:  3/11       EV: 13    Int: 19    God:    Ashenzari [......]
Gold:   197        SH:  0    Dex: 12    Spells: 4/12 levels left

rFire    . . .     SeeInvis .   p - +0 spear (vamp)
rCold    . . .     Faith    .   (no shield)
rNeg     . . .     Spirit   .   (helmet restricted)
rPois    .         Reflect  .   (no amulet)
rElec    .         Harm     .   (no ring)
rCorr    .         Rampage  .   (no ring)
Will     .....                  (no ring)
Stlth    +++.......             (no ring)
HPRegen  0.14/turn              (no ring)
MPRegen  0.12/turn              (no ring)
                                (no ring)
                                (no ring)

@: no status effects
A: almost no armour, stealthy swim, amphibious, 8 rings, constrict 8, camouflage
1, gelatinous body 1
a: Renounce Religion, Curse Item


You were on level 4 of the Dungeon.
You worshipped Ashenzari.
Ashenzari was noncommittal.
You visited 1 branch of the dungeon, and saw 4 of its levels.

You collected 197 gold pieces.

Inventory:

Hand Weapons
 b - a +0 short sword
 k - a +0 hand axe of venom
 p - a +0 vampiric spear (weapon)
Missiles
 i - 15 poisoned darts
 j - 13 boomerangs
Wands
 m - a wand of iceblast (13)
Scrolls
 a - 3 scrolls of identify {unknown}
 d - 3 scrolls of immolation {unknown}
 e - 2 scrolls of remove curse
 g - a scroll of enchant armour {unknown}
 h - a scroll of fear {unknown}
Potions
 f - a potion of haste {unknown}
 l - a potion of heal wounds {unknown}
 n - a potion of attraction {unknown}
 o - a potion of might {unknown}


   Skills:
 + Level 3.1 Fighting
 - Level 2.0 Dodging
 - Level 2.6 Stealth
 + Level 3.5 Spellcasting
 + Level 3.3 Conjurations
 + Level 4.5 Fire Magic


You had 4 spell levels left.
You knew the following spells:

 Your Spells              Type           Power        Failure   Level
a - Foxfire               Conj/Fire      72%          2%          1
b - Sticky Flame          Conj/Fire      18%          28%         4
c - Conjure Flame         Conj/Fire      18%          9%          3

Your spell library contained the following spells:

 Spells                   Type           Power        Failure   Level
 Inner Flame              Hex/Fire       11%          17%         3
 Fireball                 Conj/Fire      9%           61%         5


Dungeon Overview and Level Annotations

Branches:
Dungeon (4/15)
 Temple: D:4-7

Altars:
Ashenzari
Cheibriados
Dithmenos
Kikubaaqudgha
Okawaru
Qazlal
Trog
Uskayaw
Vehumet
Xom


Innate Abilities, Weirdness & Mutations

You cannot wear most types of armour.
You are very stealthy in the water. (Stealth+)
You are amphibious.
You can wear up to eight rings at the same time.
You can use your tentacles to constrict eight enemies at once.
Your skin changes colour to match your surroundings (Stealth+).
Your rubbery body absorbs attacks. (AC +1, EV +1)


Message History

The orc is lightly wounded.
The orc wizard casts a spell at you. The puff of frost hits you!
* * * LOW HITPOINT WARNING * * *
The foxfire hits the orc priest.
The orc priest is moderately wounded.
Unknown command.
Your foxfire dissipates!
A scorpion comes into view.
The foxfire hits the orc.
You kill the orc!
The howler monkey hoots and howls with incredible vigour!
Found 9 gold pieces.
Found an iron altar of Okawaru.
It was a potion of curing.
You feel better.
The orc throws a boomerang.
The boomerang closely misses you.
The orc priest mumbles some strange prayers to Beogh against you.
Beogh smites you!
* * * LOW HITPOINT WARNING * * *
The howler monkey hits you.
You die...

....##...##...# #..).........###
## #.............##.....##
##......s.............#. .#
#.....#.................# ..(
#..#..#.O)...........)..#
.#.##..#....................#
.......#.#)...h....>.......#
.#.....#?#..oo@............#
...o...#....o..............#
._.#...#./.#..............#
....o.......##.....##......####
..#.....#.####..)####...##....#
..........####....##..#...###.
#......#..##...#.##..###..#
##......#...#.#.#.##...###.# ###
#.........#.#.#.#.#..#.....##...


You could see an ogre, a scorpion, a howler monkey (catching breath), an orc
priest, an orc wizard (fast) and an orc.

Vanquished Creatures
  An ogre (D:4)
  A hound (D:4)
  2 orc priests
  2 orc wizards
  3 adders (D:3)
  3 oozes
  A worm (D:2)
  3 dart slugs
  3 leopard geckos
  22 orcs
  4 giant cockroaches
  9 goblins
  13 hobgoblins
  13 kobolds
  A quokka (D:3)
  8 bats
  3 frilled lizards
  A jackal skeleton (D:4)
  9 rats
102 creatures vanquished.

Vanquished Creatures (others)
  A human (D:3)
  249 foxfires
250 creatures vanquished.

Grand Total: 352 creatures vanquished

Notes
Turn   | Place    | Note
-------+----------+-------------------------------------------
     0 | D:1      | tsouns the Octopode Fire Elementalist began the quest for
                  | the Orb.
     0 | D:1      | Reached XP level 1. HP: 11/11 MP: 3/3
   112 | D:1      | Reached XP level 2. HP: 18/18 MP: 0/5
   606 | D:1      | Reached skill level 1 in Fighting
   748 | D:1      | Reached XP level 3. HP: 23/23 MP: 6/6
  1442 | D:2      | Found a bloodstained altar of Trog.
  1592 | D:2      | Noticed a fire elemental
  1594 | D:2      | Found a stormy altar of Qazlal.
  1595 | D:2      | Noticed an earth elemental
  1595 | D:2      | Noticed an air elemental
  1595 | D:2      | Noticed a water elemental
  1684 | D:2      | Reached XP level 4. HP: 28/28 MP: 3/7
  2012 | D:2      | Learned a level 4 spell: Sticky Flame
  2286 | D:3      | Found a hide-covered altar of Uskayaw.
  2289 | D:3      | Found a broken altar of Ashenzari.
  2305 | D:3      | Found a shimmering altar of Xom.
  2310 | D:3      | Became a worshipper of Ashenzari the Shackled
  2843 | D:3      | Reached XP level 5. HP: 34/34 MP: 4/9
  2886 | D:3      | Found a snail-covered altar of Cheibriados.
  3459 | D:2      | Learned a level 3 spell: Conjure Flame
  3465 | D:3      | Reached skill level 4 in Fire Magic
  3755 | D:3      | Found a shadowy altar of Dithmenos.
  3877 | D:3      | Found an ancient bone altar of Kikubaaqudgha.
  3878 | D:3      | Noticed a human
  3882 | D:3      | Killed a human
  4205 | D:4      | Noticed an ogre
  4213 | D:4      | Killed an ogre
  4214 | D:4      | Reached XP level 6. HP: 41/41 MP: 1/10
  4589 | D:4      | Found a radiant altar of Vehumet.
  4910 | D:4      | Found an iron altar of Okawaru.
  4912 | D:4      | HP: 2/42 [orc priest/divine providence (13)]
  4914 | D:4      | Slain by a howler monkey

Illustrated notes

Levels and vault maps discovered:
D:1:      erik_arrival_blinker_ship, layout_loops_ring,
          corexii_leaking_fountain, minivault_27, minmay_pentomino_q4
D:2:      layout_basic, nicolae_qazlal_style_of_elements, general_overflow_altar
D:3:      layout_basic, kennysheep_slug_shrine,
          gammafunk_temple_overflow_forgotten,
          nicolae_dithmenos_through_a_glass_darkly, tgw_kikubaaqudgha
D:4:      layout_rooms, vehumet_altar_wand_db, okawaru_gym_becter

Skill      XL: |  1  2  3  4  5  6 |
---------------+-------------------+-----
Fighting       | 1 2 3 |  3.1
Conjurations   | 2 3 |  3.3
Spellcasting   | 3 |  3.5
Fire Magic     | 4 |  4.5
Dodging        | |  2.0
Stealth        | |  2.6

Action                   |  1- 3 |  4- 6 || total
-------------------------+-------+-------++-------
Melee: Unarmed           |     2 |       ||     2
       Constrict         |     8 |    13 ||    21
       Short sword       |    23 |     5 ||    28
       Tentacles         |     2 |     9 ||    11
       Hand axe          |       |    33 ||    33
       Spear             |       |    12 ||    12
 Cast: Foxfire           |    59 |   100 ||   159
       Sticky Flame      |       |     1 ||     1
  Use: Potion            |       |     1 ||     1
 Stab: Sleeping          |     6 |     2 ||     8
       Distracted        |       |     1 ||     1
Armor: Skin              |       |     3 ||     3
Dodge: Dodged            |    17 |    58 ||    75

Table legend: (Time is in decaauts)
 A = Elapsed time spent in this place.
 B = Non-inter-level travel time spent in this place.
 C = Inter-level travel time spent in this place.
 D = Time resting spent in this place.
 E = Time spent auto-exploring this place.
 F = Levels seen in this place.
 G = Mean time per level.
                   A        B        C        D        E       F      G
               +--------+--------+--------+--------+--------+-----+--------+
         Total |   4930 |   4893 |     37 |      0 |   4097 |   4 | 1232.5 |
       Dungeon |   4930 |   4893 |     37 |      0 |   4097 |   4 | 1232.5 |
               +--------+--------+--------+--------+--------+-----+--------+

Top non-repeatable levels by time:
     D:3: 1820 daAuts
     D:2: 1654 daAuts
     D:1: 951 daAuts
     D:4: 504 daAuts
